 Dungeon Crawl Stone Soup version 0.23.2-40-g277498a001 (webtiles) character file.

Game seed: 7464299760219825641

2299 Kostasan the Basher (level 9, -5/81 HPs)
             Began as a Minotaur Berserker on Oct 2, 2019.
             Was an Elder of Trog.
             Slain by a white ugly thing (33 damage)
             ... on level 8 of the Dungeon.
             The game lasted 00:22:33 (5978 turns).

Kostasan the Basher (Minotaur Berserker)            Turns: 5978, Time: 00:22:34

Health: -5/81      AC:  5    Str: 22    XL:     9   Next: 17%
Magic:  3/8        EV: 13    Int:  4    God:    Trog [****..]
Gold:   438        SH:  5    Dex: 13    Spells: 8/8 levels left

rFire    + . .     SeeInvis .   D - +2 flail (crush)
rCold    . . .     Gourm    .   A - +0 buckler
rNeg     . . .     Faith    +   l - +0 chain mail
rPois    +         Spirit   .   (helmet restricted)
rElec    .         Reflect  .   (no cloak)
rCorr    .         Harm     .   a - +0 pair of gloves
MR       .....                  h - +0 pair of boots
Stlth    ..........             C - amulet of faith
HPRegen  0.00/turn              m - +4 ring of evasion
MPRegen  0.11/turn              f - ring of poison resistance

@: corroded, berserk cooldown, slowed, very slow
A: retaliatory headbutt, horns 2, deformed body, fire resistance 1, inhibited
regeneration
a: Berserk, Trog's Hand, Brothers in Arms, Renounce Religion


You were on level 8 of the Dungeon.
You worshipped Trog.
Trog was greatly pleased with you.
You were hungry.

You visited 1 branch of the dungeon, and saw 8 of its levels.

You collected 438 gold pieces.

Inventory:

Hand Weapons
 D - a +2 flail of crushing (weapon)
Armour
 a - a +0 pair of gloves (worn)
 h - a +0 pair of boots (worn)
 l - a +0 chain mail (worn)
 A - a +0 buckler (worn)
Jewellery
 f - a ring of poison resistance (right hand)
 m - a +4 ring of evasion (left hand)
 r - an uncursed ring of protection from fire
 u - a +2 amulet of reflection
 C - an amulet of faith (around neck)
 F - an uncursed ring of positive energy {unknown}
Wands
 o - a wand of disintegration (19)
 t - a wand of paralysis (9)
 y - a wand of random effects (16)
Scrolls
 b - 3 scrolls of enchant weapon
 d - 2 scrolls of fog
 e - 7 scrolls of teleportation
 g - 3 scrolls of amnesia
 n - 2 scrolls of remove curse
 w - a scroll of blinking
 z - a scroll of magic mapping {unknown}
 B - a scroll of acquirement {unknown}
 H - a scroll of identify
Potions
 i - a potion of heal wounds
 j - a potion of agility
 k - 2 potions of flight
 p - a potion of lignification
 q - a potion of ambrosia {unknown}
 s - 2 potions of curing
 v - a potion of berserk rage
 x - a potion of brilliance {unknown}
 E - a potion of resistance {unknown}
Comestibles
 c - 18 rations
 G - 15 chunks of flesh


   Skills:
 + Level 8.1 Fighting
 * Level 10.3 Maces & Flails
 + Level 7.6 Armour
 - Level 2.4 Dodging
 + Level 3.6 Shields


You had 8 spell levels left.
You didn't know any spells.
Your spell library contained the following spells:

 Spells                   Type           Power        Failure   Level  Hunger
 Confusing Touch          Hex            #.....       99%         1    ##.....
 Confuse                  Hex            #.......     100%        3    ####...
 Gell's Gravitas          Tloc           #.........   100%        3    ####...
 Petrify                  Tmut/Erth      #.......     100%        4    #####..
 Metabolic Englaciation   Hex/Ice        #.........   100%        5    ######.
 Yara's Violent Unravell  Hex/Tmut       #.........   100%        5    ######.


Dungeon Overview and Level Annotations

Branches:
Dungeon (8/15)             Temple (0/1) D:7
   Lair: D:8-11

Altars:
Dithmenos
Elyvilon
Kikubaaqudgha
Okawaru
Trog

Shops:
D:7 !


Innate Abilities, Weirdness & Mutations

You reflexively headbutt those who attack you in melee.
You have a pair of horns on your head.
Armour fits poorly on your strangely shaped body.
Your flesh is heat resistant. (rF+)
You do not regenerate when monsters are visible.


Message History

Found four items.
There is an open door here.
You feel your anger nearly subside.
You are no longer berserk.
You are exhausted.
You feel yourself slow down. The worker ant misses you.
You furiously retaliate!
You headbutt the worker ant, but do no damage.
The white ugly thing stings you! The white ugly thing freezes you!!
The centaur shoots an arrow.
You block the arrow.
You see here an arrow.
You are too injured to fight recklessly!
You are too injured to fight recklessly!
You are too injured to fight recklessly!
You are too injured to fight recklessly!
You closely miss the white ugly thing.
Your headbutt misses the white ugly thing.
The worker ant bites you but does no damage.
The soldier ant stings you.
The centaur shoots an arrow.
You block the arrow. The white ugly thing stings you.
The white ugly thing freezes you!!
You die... ......#................#......... .........................#....... .......#################.#....##. ##....## #....?!#(!....#......## ......# #....}[?....##........ ......## #......G..# #........# #......# #.o.....# #......... #......# #caauT#

###........ #......#### #.@.#
#..>....... #....#....# ##.##
#..........
.....#..#.######'#####..........
####.#......#.......##..........
###.#......#.⌠..(⌠.##..÷.......
.........###....⌠..####.........
......#<## +...⌠...'.##.........
........# #..⌠....#..#.........
........# #.⌠...⌠.#..#.......(.


You could see a white ugly thing, an eye of draining, a troll, a soldier ant, a
centaur, a worker ant and an orc.

Vanquished Creatures
  Edmund (D:6)
  An ice beast (D:7)
  A black bear (D:4)
  A phantom (D:4)
  A sky beast (D:6)
  2 ogres
  A necrophage (D:5)
  3 centaurs
  3 bullfrogs
  A scorpion (D:5)
  A howler monkey (D:6)
  A crimson imp (D:5)
  A hound (D:8)
  A jelly (D:8)
  2 quasits
  A bullfrog skeleton (D:5)
  2 orc priests
  Terence (D:3)
  3 iguanas
  9 orc wizards
  5 worker ants
  Robin (D:2)
  A howler monkey skeleton (D:5)
  4 gnolls (D:6)
  A worker ant zombie (D:8)
  9 adders
  An adder zombie (D:8)
  2 worms
  4 dart slugs
  2 leopard geckos
  24 orcs
  2 ball pythons
  6 giant cockroaches
  18 goblins
  16 hobgoblins
  13 jackals
  9 kobolds
  5 quokkas
  11 bats
  3 frilled lizards
  A jackal skeleton (D:7)
  A leopard gecko skeleton (D:4)
  A leopard gecko zombie (D:7)
  2 quokka skeletons
  9 rats
188 creatures vanquished.

Notes
Turn   | Place    | Note
-------+----------+-------------------------------------------
     0 | D:1      | Kostasan the Minotaur Berserker began the quest for the
                  | Orb.
     0 | D:1      | Reached XP level 1. HP: 19/19 MP: 0/0
   134 | D:1      | Reached XP level 2. HP: 21/27 MP: 1/1
   286 | D:1      | Reached skill level 4 in Maces & Flails
   589 | D:1      | Found an iron altar of Okawaru.
   614 | D:1      | Reached XP level 3. HP: 32/33 MP: 2/2
   616 | D:1      | Reached ** piety under Trog
  1177 | D:2      | Found a bloodstained altar of Trog.
  1452 | D:2      | Noticed Robin
  1457 | D:2      | Reached XP level 4. HP: 41/41 MP: 3/3
  1461 | D:2      | Killed Robin
  1999 | D:3      | Noticed a centaur
  2007 | D:3      | Killed a centaur
  2007 | D:3      | Reached skill level 5 in Fighting
  2007 | D:3      | Reached skill level 5 in Maces & Flails
  2007 | D:3      | Reached XP level 5. HP: 35/48 MP: 4/4
  2172 | D:3      | Noticed an ogre
  2181 | D:3      | Killed an ogre
  2181 | D:3      | Reached XP level 6. HP: 56/56 MP: 5/5
  2187 | D:3      | Reached *** piety under Trog
  2324 | D:3      | Reached skill level 6 in Maces & Flails
  2613 | D:3      | Noticed Terence
  2620 | D:3      | Killed Terence
  2835 | D:4      | Reached skill level 5 in Armour
  2835 | D:4      | Reached XP level 7. HP: 62/62 MP: 6/6
  2839 | D:4      | Reached skill level 7 in Maces & Flails
  2867 | D:4      | Reached **** piety under Trog
  3048 | D:4      | Found a white marble altar of Elyvilon.
  3062 | D:4      | You fall through a shaft!
  3062 | D:5      | Entered Level 5 of the Dungeon
  3108 | D:5      | Reached skill level 8 in Maces & Flails
  3543 | D:5      | Reached XP level 8. HP: 70/71 MP: 7/7
  4451 | D:6      | Found a shadowy altar of Dithmenos.
  4453 | D:6      | Found an iron altar of Okawaru.
  4495 | D:6      | Reached skill level 1 in Shields
  4638 | D:6      | Reached skill level 9 in Maces & Flails
  4858 | D:6      | Noticed Edmund
  4880 | D:6      | Killed Edmund
  5224 | D:7      | Received a gift from Trog
  5258 | D:7      | Found a staircase to the Ecumenical Temple.
  5459 | D:7      | Reached skill level 10 in Maces & Flails
  5459 | D:7      | Reached XP level 9. HP: 81/81 MP: 8/8
  5499 | D:7      | Found an ancient bone altar of Kikubaaqudgha.
  5598 | D:7      | Found Kaattuhu's Distillery.
  5604 | D:7      | Gained mutation: You do not regenerate when monsters are
                  | visible. [potion of mutation]
  5604 | D:7      | Gained mutation: Armour fits poorly on your strangely
                  | shaped body. [potion of mutation]
  5604 | D:7      | Gained mutation: Your flesh is heat resistant. (rF+)
                  | [potion of mutation]
  5973 | D:8      | Noticed a white ugly thing
  5974 | D:8      | Noticed a troll
  5978 | D:8      | Slain by a white ugly thing

Skill      XL: |  1  2  3  4  5  6  7  8  9 |
---------------+----------------------------+-----
Fighting       | 4 5 6 7 8 |  8.1
Armour         | 3 4 5 6 7 |  7.6
Maces & Flails | 4 5 6 8 10 | 10.3
Shields        | 3 |  3.6
Dodging        | |  2.4

Action                   |  1- 3 |  4- 6 |  7- 9 || total
-------------------------+-------+-------+-------++-------
Melee: Mace              |    85 |   124 |       ||   209
       Headbutt          |    11 |    16 |    41 ||    68
       Flail             |       |     8 |   229 ||   237
Invok: Berserk           |     2 |     3 |     2 ||     7
       Trog's Hand       |       |     1 |       ||     1
  Use: Scroll            |       |       |    14 ||    14
       Potion            |       |       |     3 ||     3
  Eat: Chunk             |     3 |     8 |     8 ||    19
       Ration            |       |       |     1 ||     1
Armor: Animal skin       |    10 |       |       ||    10
       Leather armour    |    13 |     3 |       ||    16
       Chain mail        |       |    78 |    97 ||   175
Dodge: Dodged            |    56 |    72 |   102 ||   230
Block: Other             |       |       |     6 ||     6
       Buckler           |       |       |    22 ||    22
